 Dungeon Crawl Stone Soup version 0.22.1-2-g9c5b331383 (webtiles) character file.

107 Merkmirnix the Skirmisher (level 4, -11/41 HPs)
             Began as a Minotaur Abyssal Knight on Dec 27, 2018.
             Was a Priest of Lugonu.
             Killed by divine providence
             ... invoked by an orc priest
              (13 damage)
             ... on level 3 of the Dungeon.
             The game lasted 00:04:35 (1534 turns).

Merkmirnix the Skirmisher (Minotaur Abyssal Knight) Turns: 1534, Time: 00:04:35

Health: -11/41     AC:  5    Str: 17    XL:     4   Next: 57%
Magic:  4/4        EV: 11    Int:  9    God:    Lugonu [***...]
Gold:   122        SH:  0    Dex: 10    Spells: 3/3 levels left

rFire    . . .     SeeInvis .   a - +1 hand axe
rCold    . . .     Gourm    .   (no shield)
rNeg     . . .     Faith    .   d - +0 ring mail
rPois    .         Spirit   .   (helmet restricted)
rElec    .         Reflect  .   (no cloak)
rCorr    .         Harm     .   (no gloves)
MR       .....                  (no boots)
Stlth    ..........             (no amulet)
HPRegen  0.13/turn              (no ring)
MPRegen  0.09/turn              (no ring)

@: no status effects
A: retaliatory headbutt, horns 2
a: Depart the Abyss, Bend Space, Banish, Renounce Religion


You were on level 3 of the Dungeon.
You worshipped Lugonu.
Lugonu was most pleased with you.
You were very hungry.

You visited 1 branch of the dungeon, and saw 3 of its levels.
You visited the Abyss 1 time.

You collected 122 gold pieces.

Inventory:

Hand Weapons
 a - a +1 hand axe (weapon)
Armour
 b - a +0 leather armour
 d - a +0 ring mail (worn)
Scrolls
 e - 2 scrolls of teleportation {unknown}
 f - a scroll of blinking {unknown}
 g - a scroll of identify {unknown}
 h - a scroll of enchant armour {unknown}
 i - a scroll of immolation {unknown}
 j - a scroll of amnesia {unknown}
Potions
 k - a potion of degeneration {unknown}
 l - a potion of agility {unknown}
Comestibles
 c - 3 rations


   Skills:
 * Level 4.5 Fighting
 * Level 4.2 Axes
 * Level 3.2 Armour
 - Level 1.6 Dodging
 - Level 2.0 Invocations


You had 3 spell levels left.
You didn't know any spells.
Your spell library was empty.

Dungeon Overview and Level Annotations

Branches:
Dungeon (3/15)

Altars:
Ashenzari
Zin

Annotations:
D:3 Grinder


Innate Abilities, Weirdness & Mutations

You reflexively headbutt those who attack you in melee.
You have a pair of horns on your head.


Message History

The orc priest is severely wounded.
The orc priest misses you.
You hit the orc priest but do no damage.
The orc priest is severely wounded.
You closely miss the orc.
The orc priest hits you but does no damage.
You hit the orc priest.
You kill the orc priest!
Lugonu accepts your kill.
Your Axes skill increases to level 4!
You hit the orc.
The orc priest begins to cast a cantrip, but forgets the words!
The orc hits you.
* * * LOW HITPOINT WARNING * * *
The orc closely misses you.
Grinder blinks!
You see here a hand axe.
The orc priest mumbles some strange prayers to Beogh against you.
Beogh smites you!
You die...

#..............
##...##.# .....
......#.# ....
........## .#.#
.....ยง...###.#.##
.......(.##.....###
#.....#..l<(#......
##...#.####oo.#
#.#####..@...## ##
#.#######


You could see an orc priest and an orc.

Vanquished Creatures
  An orc priest (D:3)
  3 worms (D:2)
  A dart slug (D:1)
  3 leopard geckos (D:1)
  2 orcs (D:3)
  A ball python (D:1)
  6 giant cockroaches
  10 goblins
  7 hobgoblins
  8 bats
  2 frilled lizards (D:2)
  5 kobolds (D:1)
  10 rats
59 creatures vanquished.

Notes
Turn   | Place    | Note
-------+----------+-------------------------------------------
     0 | Abyss:1  | Merkmirnix the Minotaur Abyssal Knight began the quest for
                  | the Orb.
     0 | Abyss:1  | Reached XP level 1. HP: 19/19 MP: 1/1
    12 | D:1      | Escaped the Abyss
   188 | D:1      | Reached XP level 2. HP: 27/27 MP: 2/2
   284 | D:1      | Reached ** piety under Lugonu
   400 | D:1      | Reached XP level 3. HP: 33/33 MP: 3/3
   663 | D:2      | Found a glowing silver altar of Zin.
   994 | D:2      | Found a shattered altar of Ashenzari.
  1262 | D:2      | Reached XP level 4. HP: 41/41 MP: 4/4
  1321 | D:2      | Reached *** piety under Lugonu
  1476 | D:3      | Noticed Grinder
  1506 | D:3      | Paralysed by Grinder for 5 turns
  1531 | D:3      | HP: 2/41 [orc (4)]
  1534 | D:3      | Killed from afar by an orc priest

Skill      XL: |  1  2  3  4 |
---------------+-------------+-----
Fighting       | 4 |  4.5
Invocations    | 2 |  2.0
Axes           | 3 4 |  4.2
Armour         | 3 |  3.2
Dodging        | |  1.6

Action                   |  1- 3 |  4- 6 || total
-------------------------+-------+-------++-------
Melee: Hand axe          |   106 |    37 ||   143
       Headbutt          |    14 |     8 ||    22
  Eat: Chunk             |     1 |       ||     1
Armor: Ring mail         |    39 |     6 ||    45
Dodge: Dodged            |    72 |    24 ||    96
